 Dungeon Crawl Stone Soup version bcrawl-1.23.3-19-gdc5968f444 (webtiles) character file.

Game seed: 8408909467806685937

185 Freyura the Skirmisher (level 5, -2/41 HPs)
             Began as a Demonspawn Fighter on June 7, 2020.
             Slain by a sky beast (5 damage)
             ... on level 3 of the Dungeon on June 8, 2020.
             The game lasted 00:11:20 (2503 turns).

Freyura the Skirmisher (Demonspawn Fighter)         Turns: 2503, Time: 00:11:22

Health: -2/41      AC: 10    Str: 16    XL:     5   Next: 37%
Magic:  5/5        EV:  7    Int: 10    God:
Gold:   180        SH:  9    Dex: 13    Spells: 4/4 levels left

rFire    + . .     SeeInvis .   a - +1 flail
rCold    . . .     Gourm    .   c - +0 medium shield
rNeg     . . .     Faith    .   p - +0 ring mail
rPois    .         Spirit   .   (helmet restricted)
rElec    .         Reflect  .   o - +1 cloak
rCorr    .         Harm     .   i - +0 pair of gloves
MR       .....                  k - +0 pair of boots
Stlth    +.........             g - amulet of regeneration
HPRegen  0.28/turn              u - ring of wizardry
MPRegen  0.09/turn              f - ring of protection from fire

@: no status effects
A: antennae 1, claws 1, hooves 1, powered by death 1
a: no special abilities


You were on level 3 of the Dungeon.
You were not hungry.

You visited 1 branch of the dungeon, and saw 3 of its levels.

You collected 180 gold pieces.

Inventory:

Hand Weapons
 a - a +1 flail (weapon)
Armour
 b - a +0 scale mail
 c - a +0 medium shield (worn)
 i - a +0 pair of gloves (worn)
 k - a +0 pair of boots (worn)
 o - a +1 cloak (worn)
 p - a +0 ring mail (worn)
 v - a scarf of clouds
Jewellery
 f - a ring of protection from fire (right hand)
 g - an amulet of regeneration (around neck)
 u - a ring of wizardry (left hand)
Scrolls
 n - a scroll of identify
 q - a scroll of remove curse
Potions
 d - a potion of might
 l - 2 potions of mutation
 m - a potion of resistance {unknown}
 r - 2 potions of lignification
 w - a potion of brilliance {unknown}
 x - a potion of degeneration {unknown}
 z - 2 potions of curing {unknown}
Comestibles
 e - 5 rations {!d}
 h - 3 chunks of flesh


   Skills:
 + Level 3.6 Fighting
 * Level 3.2 Maces & Flails
 + Level 3.3 Armour
 + Level 1.7 Dodging
 + Level 3.3 Shields


You had 4 spell levels left.
You didn't know any spells.
Your spell library was empty.

Dungeon Overview and Level Annotations

Branches:
Dungeon (3/12)

Altars:
Cheibriados


Innate Abilities, Weirdness & Mutations

You have a pair of small antennae on your head.
You have sharp fingernails.
You have large cloven feet.
You regenerate a little health from kills.


Message History

Items here: $ ( ) ? † a +0 club; 285 stones; a scroll of identify; 17 gold pieces; a hobgoblin corpse You closely miss the sky beast.
The sky beast flickers out of sight!
Deactivating autopickup; reactivate with Ctrl-A.
Something hits you. Something shocks you.
Your shield prevents you from hitting something.
Something hits you. Something shocks you.
You miss something.
Something hits you but does no damage. x2
You miss something. Something hits you. Something shocks you.
You barely miss something. Something hits you. Something shocks you.
* * * LOW HITPOINT WARNING * * *
You miss something. Something hits you but does no damage. Something hits you.
* * * LOW HITPOINT WARNING * * *
Something shocks you.
* * * LOW HITPOINT WARNING * * *
You miss something. You block something's attack.
You miss something. Something hits you.
* * * LOW HITPOINT WARNING * * *
Something shocks you.
You die...

**#...........###.####'#.#
#....................†..
*.......................
*###....................
###....................
#.......)..............
*#...§#.................
*+....#{................
**+..{##@.........,,,,,,,
*.....*#..........,,,,,,,
#.....,...........,,,,,,,
#.................,,,,,,,
#................,,,,,,,,
#....#..........,,,,,,,,,
*,,..#..........,,,,,,,,,
*,..,...........,,,,,,,,,
*,,,,,,*,,,,,,,,,,,,,,,,,


There were no monsters in sight!

Vanquished Creatures
  A hound (D:3)
  4 adders
  2 worms
  2 dart slugs
  5 leopard geckos
  4 orcs
  A ball python (D:2)
  12 bats
  5 giant cockroaches
  12 goblins
  8 hobgoblins
  12 jackals
  4 quokkas
  4 frilled lizards
  9 kobolds
  2 rats (D:1)
87 creatures vanquished.

Notes
Turn   | Place    | Note
-------+----------+-------------------------------------------
     0 | D:1      | Freyura the Demonspawn Fighter began the quest for the Orb.
     0 | D:1      | Reached XP level 1. HP: 18/18 MP: 1/1
   151 | D:1      | Gained mutation: You regenerate a little health from kills.
                  | [demonic ancestry]
   151 | D:1      | Reached XP level 2. HP: 7/24 MP: 2/2
   508 | D:1      | Gained mutation: You have a pair of small antennae on your
                  | head. [demonic ancestry]
   508 | D:1      | Reached XP level 3. HP: 29/29 MP: 3/3
   631 | D:1      | Reached skill level 1 in Dodging
  1303 | D:2      | Gained mutation: You have large cloven feet. [demonic
                  | ancestry]
  1303 | D:2      | Reached XP level 4. HP: 35/35 MP: 4/4
  2069 | D:3      | Found a snail-covered altar of Cheibriados.
  2150 | D:3      | Gained mutation: You have sharp fingernails. [demonic
                  | ancestry]
  2150 | D:3      | Reached XP level 5. HP: 19/41 MP: 5/5
  2484 | D:3      | Noticed a sky beast
  2503 | D:3      | Slain by a sky beast

Skill      XL: |  1  2  3  4 |
---------------+-------------+-----
Maces & Flails | 2 3 |  3.2
Armour         | 3 |  3.3
Dodging        | 1 |  1.7
Shields        | 3 |  3.3
Fighting       | |  3.6

Action                   |  1- 3 |  4- 6 || total
-------------------------+-------+-------++-------
Melee: Flail             |   226 |   177 ||   403
  Use: Scroll            |       |     8 ||     8
  Eat: Chunk             |     2 |     4 ||     6
Armor: Scale mail        |   100 |       ||   100
       Ring mail         |    86 |   106 ||   192
Dodge: Dodged            |    86 |    61 ||   147
Block: Medium shield     |   139 |    91 ||   230
